Map: Deathaura LE

Players

PasT - Winner!

  • Race: Zerg Zerg
  • League: Master
  • Spawn Location: 11:00

A.I. 1 (Elite)

  • Race: Terran Terran
  • Spawn Location: 5:00

VOD

Have the link to the VOD?

Description

Time

  • Played on: July 31, 2020, 11:40 p.m.
  • Length: 5:48
Show
View Real Time Build Order
Export as new Build Order

PasT Zerg - Winner!

Build Orders: Hatch First 

Get SALT Encoding   

  12  0:00  Drone  
  13  0:12  Overlord  
  13  0:17  Drone  
  14  0:30  Drone x2  
  14  0:34  Drone  
  17  0:51  Hatchery  
  17  0:54  Drone  
  17  0:57  Drone  
  18  1:08  Extractor  
  17  1:12  Spawning Pool  
  17  1:15  Drone  
  17  1:19  Drone  
  18  1:27  Drone  
  19  1:38  Overlord  
  19  1:49  Drone  
  20  1:58  Queen  
  20  1:59  Zergling x2  
  23  2:03  Queen  
  23  2:04  Zergling x2  
  23  2:08  Metabolic Boost  
  26  2:10  Drone  
  26  2:14  Drone  
  28  2:21  Drone  
  29  2:25  Drone  
  30  2:34  Queen  
  32  2:38  Overlord  
  32  2:39  Queen  
  32  2:42  Overlord  
  34  2:57  Hatchery  
  34  2:58  Drone  
  34  3:01  Drone  
  34  3:02  Drone  
  36  3:05  Drone  
  36  3:07  Drone  
  36  3:10  Drone  
  40  3:12  Drone  
  40  3:15  Drone  
  40  3:19  Drone  
  42  3:20  Drone  
  42  3:22  Drone  
  42  3:26  Extractor  
  43  3:32  Roach Warren  
  42  3:36  Overlord  
  42  3:37  Overlord  
  42  3:42  Overlord  
  42  4:14  Roach  
  42  4:15  Roach x10  
  42  4:17  Roach  
  66  4:23  Zergling x6  
  69  4:24  Zergling x2  
  70  4:34  Zergling x4  
  70  4:36  Lair  
  72  4:44  Zergling x6  
  75  4:46  Overlord  
  75  5:00  Zergling x14  
  75  5:02  Overlord  
  82  5:12  Ravager x2  
  84  5:15  Ravager  
Show
View Real Time Build Order
Export as new Build Order

A.I. 1 (Elite) Terran 

Build Orders:  

Get SALT Encoding   

  12  0:00  SCV  
  13  0:13  SCV  
  14  0:18  Supply Depot  
  14  0:25  SCV  
  15  0:39  SCV  
  16  0:44  Barracks  
  16  0:51  SCV  
  17  1:03  SCV  
  18  1:15  SCV  
  18  1:16  Supply Depot  
  19  1:21  Refinery  
  19  1:28  SCV  
  19  1:32  Marine  
  21  1:40  SCV  
  22  1:50  Marine  
  22  1:51  Barracks  
  22  1:52  SCV  
  22  1:53  Refinery  
  24  2:01  Supply Depot  
  24  2:04  SCV  
  24  2:08  Marine  
  26  2:16  SCV  
  27  2:24  Factory  
  27  2:25  Marine  
  27  2:28  SCV  
  29  2:37  Marine  
  29  2:40  SCV  
  29  2:43  Marine  
  32  2:52  SCV  
  32  2:55  Marine  
  34  3:01  Marine  
  34  3:04  SCV  
  36  3:06  Barracks  
  36  3:13  Marine  
  36  3:16  SCV  
  36  3:19  Barracks Tech Lab  
  38  3:27  Starport, Factory Tech Lab  
  38  3:29  SCV  
  38  3:31  Supply Depot, Barracks Tech Lab  
  39  3:53  SCV, Marine x2  
  42  3:57  Stimpack  
  42  4:02  Combat Shield  
  42  4:05  SCV  
  43  4:17  SCV  
  44  4:29  SCV  
  45  4:37  Supply Depot  
  45  4:41  SCV  
  46  4:53  SCV  
  46  4:58  Marine x3, Medivac  
  52  5:01  Supply Depot  
  52  5:05  SCV  
  53  5:17  SCV  
  53  5:22  Marauder  
  53  5:23  Marauder, Marine  
  53  5:25  Ghost Academy  
  48  5:30  SCV  
Tags
 
League
Master
Matchup
TvZ
Spawn Locations
Cross Positions
Add a new tag
Caveats
  • Supply blocks, unpowered buildings, or Contaminate may cause inaccurate times.
  • Supply counts are checked every 10 seconds.